 Dungeon Crawl Stone Soup version 0.31-a0-690-g7ce4588941 (webtiles) character file.

Game seed: 5917741489762889430

594361 Ijustatesigmund the Hill Orc Aeon (level 27, -1/319 HPs)
             Began as a Hill Orc Fighter on Sept 6, 2023.
             Was the Champion of Cheibriados.
             Killed from afar by a storm dragon (14 damage)
             ... with a bolt of lightning
             ... on level 5 of the Realm of Zot.
             The game lasted 02:16:09 (61891 turns).

Ijustatesigmund the Hill Orc Aeon (HOFi)           Turns: 61891, Time: 02:16:09

Health: -1/319     AC: 51    Str: 44    XL:     27
Magic:  14/40      EV: 21    Int: 25    God:    Cheibriados [******]
Gold:   3690       SH: 21    Dex: 26    Spells: 25/35 levels left

rFire   + + .        M - +9 broad axe (elec)
rCold   + + +        c - +2 kite shield
rNeg    + . .        V - +14 crystal plate armour of Xotoheg {rF+ rC+++ rN+ Dex-3}
rPois   .            Q - +1 hat "Hyirug" {rC+ Regen+ Int-2 SInv}
rElec   .            h - +2 cloak
rCorr   .            y - +2 pair of gloves
SInv    +            q - +2 pair of boots
Will    ++...        I - amulet of reflection Stlth
                     B - ring of protection from fire
HPRegen 1.53/turn    u - ring "Retut" {EV+5 Dex+4}
MPRegen 0.27/turn

%: random rage (3%), reflection
@: about to teleport, on berserk cooldown, slowed, unable to drink, very slow
A: hooves 2, berserk 1, robust 2, screaming 1, inability to read after injury 1
}: 3/15 runes: serpentine, barnacled, silver
a: Renounce Religion, Bend Time, Temporal Distortion, Slouch, Step From Time


You were on level 5 of the Realm of Zot.
You worshipped Cheibriados.
Cheibriados was exalted by your worship.
You visited 10 branches of the dungeon, and saw 46 of its levels.
You visited the Abyss 2 times.
You visited 1 ziggurat, and saw 9 of its levels.
You also visited: Ossuary.

You collected 6344 gold pieces.
You spent 2654 gold pieces at shops.

Inventory:

Hand Weapons
 i - the +6 broad axe "Noxuwoq" {flame, Int+3}
   (You bought it in a shop on level 3 of the Snake Pit)

   Int+3:     It affects your intelligence (+3).
 M - a +9 broad axe of electrocution (weapon)
Missiles
 o - 7 throwing nets
Armour
 a - the +4 faerie dragon scales {rN+ rCorr}
   (You took it off the Enchantress on level 4 of the Depths)

   rN+:       It protects you from negative energy.
   rCorr:     It protects you from acid and corrosion.
 c - a +2 kite shield (worn)
 h - a +2 cloak (worn)
 q - a +2 pair of boots (worn)
 y - a +2 pair of gloves (worn)
 Q - the +1 hat "Hyirug" (worn) {rC+ Regen+ Int-2 SInv}
   (You found it on level 1 of the Orcish Mines)

   Int-2:     It affects your intelligence (-2).
   rC+:       It protects you from cold.
   SInv:      It lets you see invisible.
   Regen+:    It increases your rate of health regeneration.
 V - the +14 crystal plate armour of Xotoheg (worn) {rF+ rC+++ rN+ Dex-3}
   (You found it on level 5 of the Lair of Beasts)

   Dex-3:     It affects your dexterity (-3).
   rF+:       It protects you from fire.
   rC+++:     It renders you almost immune to cold.
   rN+:       It protects you from negative energy.
Jewellery
 b - a +4 ring of slaying
 d - the ring of Zicapheo {rPois rF+ Will- Str+6 Dex+3}
   (You bought it in a shop on level 1 of the Depths)

   [ring of strength]

   Str+6:     It affects your strength (+6).
   Dex+3:     It affects your dexterity (+3).
   rF+:       It protects you from fire.
   rPois:     It protects you from poison Will-: It decreases your willpower.
 u - the ring "Retut" (right hand) {EV+5 Dex+4}
   (You found it on level 4 of a ziggurat)

   [ring of evasion]

   EV+5:      It affects your evasion (+5).
   Dex+4:     It affects your dexterity (+4).
 B - a ring of protection from fire (left hand)
 C - a ring of protection from cold
 D - a ring of protection from fire
 I - an amulet of reflection (around neck)
 T - a ring of positive energy
Wands
 p - a wand of flame (91)
 w - a wand of polymorph (30)
 x - a wand of mindburst (39)
 H - a wand of digging (2)
 P - a wand of charming (41)
 R - a wand of quicksilver (19)
 Z - a wand of iceblast (11)
Scrolls
 g - 11 scrolls of teleportation
 j - 4 scrolls of summoning
 l - 14 scrolls of amnesia
 m - 8 scrolls of fog
 n - 5 scrolls of silence
 r - 3 scrolls of brand weapon
 s - 8 scrolls of immolation
 z - 5 scrolls of enchant armour
 A - 9 scrolls of vulnerability
 F - 7 scrolls of fear
 J - 4 scrolls of torment
 L - 33 scrolls of identify
 N - 6 scrolls of poison
 X - 6 scrolls of revelation
Potions
 e - 10 potions of mutation
 f - 5 potions of enlightenment
 k - 8 potions of attraction
 t - 7 potions of might
 E - 6 potions of lignification
 G - 14 potions of curing
 K - 5 potions of resistance
 O - 8 potions of brilliance
 S - a potion of heal wounds
 U - a potion of ambrosia
 W - 4 potions of cancellation
 Y - a potion of invisibility


   Skills:
 - Level 25.4 Fighting
 - Level 26.3 Axes
 - Level 17.0 Armour
 + Level 10.2 Dodging
 - Level 11.7 Shields
 - Level 4.9 Spellcasting
 - Level 3.9 Conjurations
 - Level 13.3 Translocations
 - Level 3.8 Earth Magic
 O Level 27 Invocations
 - Level 13.0 Evocations


You had 25 spell levels left.
You knew the following spells:

 Your Spells              Type           Power      Damage    Failure   Level
a - Stone Arrow           Conj/Erth      50%        3d10      38%         3
b - Manifold Assault      Tloc           64%        N/A       2%          4
c - Blink                 Tloc           100%       N/A       1%          2
d - Apportation           Tloc           100%       N/A       1%          1

Your spell library contained the following spells:

 Spells                   Type           Power      Damage    Failure   Level
 Lesser Beckoning         Tloc           100%       N/A       1%          2
 Momentum Strike          Conj/Tloc      98%        3d10      3%          2
 Magic Dart               Conj           100%       1d8       13%         1
 Kiss of Death            Conj/Necr      64%        2d10      30%         1
 Shock                    Conj/Air       64%        1d7       30%         1
 Vhi's Electric Charge    Tloc/Air       78%        N/A       41%         4
 Dispersal                Tloc           32%        N/A       41%         6
 Freeze                   Ice            24%        1d4       56%         1
 Slow                     Hex            24%        N/A       56%         1
 Hailstorm                Conj/Ice       16%        3d6       65%         3
 Call Imp                 Summ           12%        N/A       71%         2
 Ensorcelled Hibernation  Hex/Ice        12%        N/A       71%         2
 Scorch                   Fire           12%        2d5       71%         2
 Sublimation of Blood     Necr           6%         N/A       71%         2
 Wereblood                Tmut           6%         N/A       71%         2
 Mephitic Cloud           Conj/Pois/Air  12%        N/A       75%         3
 Summon Forest            Summ/Tloc      19%        N/A       77%         5
 Confusing Touch          Hex            6%         N/A       90%         3
 Frozen Ramparts          Ice            12%        1d2       90%         3
 Ignite Poison            Fire/Tmut/Pois 6%         N/A       90%         3
 Inner Flame              Hex/Fire       6%         N/A       90%         3
 Ozocubu's Armour         Ice            6%         N/A       90%         3
 Summon Guardian Golem    Hex/Summ       6%         N/A       90%         3
 Vampiric Draining        Necr           6%         2d6       90%         3
 Flame Wave               Conj/Fire      16%        2d7       96%         4
 Leda's Liquefaction      Hex/Erth       7%         N/A       96%         4
 Petrify                  Tmut/Erth      15%        N/A       96%         4
 Sticky Flame             Conj/Fire      16%        2d4       96%         4
 Iskenderun's Battlesphe  Conj           25%        2d8       98%         5
 Lee's Rapid Deconstruct  Erth           12%        3d9*      98%         5
 Anguish                  Hex/Necr       3%         N/A       100%        4
 Animate Dead             Necr           6%         N/A       100%        4
 Summon Ice Beast         Ice/Summ       6%         N/A       100%        4
 Alistair's Intoxication  Tmut/Pois      4%         N/A       100%        5
 Arcjolt                  Conj/Air       8%         1d18      100%        5
 Borgnjor's Vile Clutch   Necr/Erth      7%         N/A       100%        5
 Fireball                 Conj/Fire      8%         3d6       100%        5
 Irradiate                Conj/Tmut      8%         3d14      100%        5
 Metabolic Englaciation   Hex/Ice        3%         N/A       100%        5
 Summon Mana Viper        Hex/Summ       6%         N/A       100%        5
 Conjure Ball Lightning   Conj/Air       8%         3x3d6     100%        6
 Death Channel            Necr           3%         N/A       100%        6
 Eringya's Noxious Bog    Tmut/Pois      3%         4d6       100%        6
 Leda's Unmaking          Conj/Erth      12%        9d3       100%        6
 Plasma Beam              Fire/Air       3%         2x1d13    100%        6
 Simulacrum               Ice/Necr       3%         N/A       100%        6
 Starburst                Conj/Fire      8%         6d4       100%        6
 Summon Cactus Giant      Summ           3%         N/A       100%        6
 Monstrous Menagerie      Summ           3%         N/A       100%        7
 Orb of Destruction       Conj           12%        9d7       100%        7
 Spellforged Servitor     Conj/Summ      8%         N/A       100%        7
 Summon Hydra             Summ           3%         N/A       100%        7
 Disjunction              Tloc           32%        N/A       100%        8
 Fire Storm               Conj/Fire      8%         8d2       100%        9


Dungeon Overview and Level Annotations

Branches:
Dungeon (15/15)            Temple (1/1) D:7            Lair (5/5) D:9
 Shoals (4/4) Lair:2        Snake (4/4) Lair:2        Slime (0/5) Lair:5
    Orc (2/2) D:9             Elf (0/3) Orc:2        Vaults (5/5) D:14
  Crypt (1/3) Vaults:2     Depths (4/4) D:15            Zot (5/5) Depths:4
Ossuary (visited)

Altars:
Ashenzari
Cheibriados
Dithmenos
Elyvilon
Fedhas
Gozag
Hepliaklqana
Kikubaaqudgha
Makhleb
Nemelex Xobeh
Okawaru
Qazlal
Ru
Sif Muna
Trog
Uskayaw
Vehumet
Wu Jian
Xom
Yredelemnul
Zin
The Shining One
Beogh
Jiyva

Shops:
D:1 (   D:5 *[:   D:12 !   Orc:2 *(([   Shoals:1 *   Shoals:4 =   Snake:1 =*:(*
Snake:2 ?   Snake:3 (*((   Snake:4 *   Vaults:3 (?   Depths:1 =   Depths:3 *

Portals:
Hell: Depths:1 Depths:2 Depths:3 Depths:4
Abyss: Depths:1 Depths:3
Pandemonium: Depths:1 Depths:2 Depths:3 Depths:4

Annotations:
D:15 Roxanne
Vaults:3 astronautguy's ghost, master FoEE
Crypt:1 Grunn
Zot:2 2 transporters
Zot:3 3 transporters


Innate Abilities, Weirdness & Mutations

You have hoof-like feet.
You sometimes lose your temper in combat.
You are very robust. (+20% HP)
You occasionally shout uncontrollably at your foes.
You occasionally lose the ability to read scrolls when taking damage.


Message History

Press: ? - help, Dir - move target A curse toe comes into view.
As you read the scroll of blinking, it crumbles to dust.
You feel a little less mighty now.
The curse toe gestures.
You step out of the flow of time.
You return to the normal time flow.
The death cob gives a chilling moan.
The storm dragon roars deafeningly!
You hear a shout!
The Killer Klown pies you viciously!
You block klown pie... and reflect it back!
The klown pie hits the Killer Klown.
Blueberry!
The Killer Klown loses the ability to speak.
You feel much better.
The death cob hits you but does no damage.
The Killer Klown blinks!
You block the death cob's attack.
As you read the scroll of teleportation, it crumbles to dust.
You feel strangely unstable.
You feel the Orb delaying your translocation!
The Killer Klown is no longer mute.
The death cob hits you but does no damage. x2
The Killer Klown blinks!
You block the death cob's attack. You block the Killer Klown's attack.
You block the death cob's attack.
You feel much better. You block the death cob's attack.
The death cob closely misses you. The Killer Klown pies you viciously!
The klown pie hits you!!!
Lemon!
You feel unable to drink.
* * * LOW HITPOINT WARNING * * *
The ghost moth stares at you.
You feel your power leaking away. You block the storm dragon's attack.
The storm dragon closely misses you. The storm dragon completely misses you.
The death cob hits you but does no damage.
The Killer Klown elbows you with a +12 club of freezing!
* * * LOW HITPOINT WARNING * * *
Casting: Blink (safe; 1% risk of failure)
Confirm with . or Enter, or press ? or * to list all spells.
You blink.
The storm dragon breathes lightning at you.
The bolt of lightning hits you!
You die...

.........^..## #.........p.......
.............###........X........
###########...###.......?.X......
* ##....##...............
###.§.^..^.....p.^....
#▓▓▓▓▓▓▓▓▓▓▓##....8▓
▓▓▓▓......,,.......
##▓.........,,.....^.
##...@...^...,,....... ▓▓▓▓▓▓▓▓▓
#............,,,,,,,,,
▓▓...(^..▓▓▓.^..........,,,,,,,,,
▓.^.......▓▓..z.........,,,,,^,,,
...........▓.ypD........,^,,,,^,,
.....y..................,,,,,,,,,
..X.....^..▓............^,,,,,,,,
▓.....^...▓▓............,,^,,,,,,
▓▓.......▓▓▓..........,,,,,,,,,,,


You could see a Killer Klown, a storm dragon (catching breath), a death cob and
a ghost moth (invisible).

Vanquished Creatures
  3 dread liches
  An ancient lich (Vaults:5)
  3 orbs of fire
  A juggernaut (Depths:4)
  A royal mummy (Zig:6)
  Vv (Zot:1)
  Margery (Vaults:3)
  Frederick (Vaults:5)
  A curse toe (Zot:3)
  2 caustic shrikes (Zig:8)
  Saint Roka (Orc:2)
  13 golden dragons
  Nikola (Shoals:3)
  the Enchantress (Depths:4)
  3 bone dragons
  2 doom hounds (Crypt:1)
  3 electric golems
  4 liches
  A Hell Sentinel (Zig:8)
  20 Orb Guardians (Zot:5)
  6 titans
  8 tentacled monstrosities
  2 quicksilver dragons
  5 sphinxes
  Polyphemus (Shoals:2)
  2 ancient champions
  4 death cobs
  An acid blob (Zig:3)
  A kraken (Shoals:1)
  7 tengu reavers
  8 tentacled starspawn (Abyss:3)
  10 shadow dragons
  12 storm dragons
  An azure jelly (Zig:3)
  Donald (Shoals:2)
  2 revenants (Zig:5)
  Ilsuiw (Shoals:4)
  2 draconian knights
  5 draconian monks
  12 fire giants
  A frost giant (shapeshifter) (Depths:2)
  10 nagarajas
  15 vault wardens
  9 frost giants
  2 curse skulls
  2 iron dragons
  2 draconian scorchers
  Louise (Snake:4)
  A quicksilver elemental (Zig:8)
  2 deep elf sorcerers (Vaults:5)
  5 draconian shifters
  3 draconian annihilators
  A juggernaut zombie (Depths:1)
  2 draconian stormcallers (Zot:4)
  4 spriggan defenders
  A caustic shrike zombie (Depths:2)
  The ghost of Mimp the Fighter, a journeyman FoSh of Okawaru (Lair:3)
  13 very ugly things
  A quicksilver ooze (Zig:3)
  2 formless jellyfish
  23 stone giants
  16 ironbound preservers
  11 green draconians
  2 war gargoyles (Vaults:3)
  2 vampire knights
  8 ironbound thunderhulks
  A formless jellyfish (shapeshifter) (Depths:3)
  A lorocyproca (Abyss:3)
  2 deep elf demonologists
  2 deep elf annihilators
  8 black draconians
  4 dire elephants (Vaults:3)
  A putrid mouth (Crypt:1)
  16 purple draconians
  7 red draconians
  Nessos (Orc:2)
  5 spark wasps (Depths:2)
  14 white draconians
  9 yellow draconians
  Azrael (Snake:1)
  An iron golem (Zig:8)
  12 ettins
  A deep elf death mage (Zig:5)
  2 crystal guardians (Vaults:3)
  An eidolon (Abyss:3)
  Josephine (D:10)
  A merfolk javelineer (Shoals:4)
  20 yaktaur captains
  12 merfolk impalers
  2 mummy priests (Zig:6)
  The ghost of Ifomeed the Cruncher, a journeyman DsGl of Fedhas (Lair:3)
  5 fire dragons
  6 deep elf high priests
  2 entropy weavers
  Fannar (Orc:1)
  10 ice dragons
  12 great orbs of eyes
  A rakshasa (Depths:1)
  33 vault guards
  6 spriggan air magi
  5 hydras
  2 ogre magi
  A sphinx zombie (Depths:2)
  2 merfolk avatars
  2 salamander tyrants (Snake:4)
  3 catoblepae
  4 boulder beetles
  2 peacekeepers (Vaults:3)
  9 two-headed ogres
  2 alligator snapping turtles (Shoals:4)
  7 anacondas
  14 ironbound frosthearts
  5 centaur warriors
  A vampire mage (Depths:1)
  3 merfolk aquamancers (Shoals:4)
  13 death yaks
  4 thrashing horrors (Abyss:3)
  7 deep troll earth magi
  6 spriggan berserkers
  2 tengu warriors
  13 naga warriors
  3 deep troll shamans
  2 deep elf knights (Zig:9)
  9 shock serpents
  5 hell knights
  4 orc high priests
  A sun demon (Depths:2)
  9 naga sharpshooters
  4 skysharks
  A shock serpent (shapeshifter) (Abyss:3)
  2 soul eaters
  2 storm dragon zombies (Zig:6)
  2 crystal echidnas (Zig:8)
  A wretched star (Abyss:3)
  12 skeletal warriors
  3 iron trolls
  11 salamander mystics
  A spatial maelstrom (Abyss:3)
  4 sea snakes
  Lodul (D:14)
  A goliath frog (shapeshifter) (Vaults:5)
  An orb spider (shapeshifter) (Vaults:5)
  4 naga ritualists (Snake:4)
  10 glowing orange brains
  57 deep trolls
  3 obsidian statues
  A shadow demon (Depths:2)
  10 phantasmal warriors
  3 deep elf archers (Zig:9)
  4 flayed ghosts
  15 ironbound convokers
  9 orc knights
  15 lindwurms
  A kraken simulacrum (Shoals:4)
  An orange crystal statue (Zig:1)
  17 harpies
  7 wizards
  Pikel (D:8)
  3 deep elf zephyrmancers
  9 necromancers
  A steelbarb worm (shapeshifter) (Zig:2)
  8 deep elf pyromancers
  8 mana vipers
  6 orc sorcerers
  2 worldbinders (Abyss:3)
  2 wolf spiders (Lair:5)
  27 fauns
  22 moths of wrath
  A frost giant zombie (Depths:2)
  19 ugly things
  18 manticores
  34 salamanders
  An iron dragon skeleton (Depths:2)
  10 cyclopes
  A rust devil (Depths:2)
  An apocalypse crab (Abyss:3)
  11 merfolk sirens
  8 guardian serpents
  25 black mambas
  Maurice (Orc:2)
  2 frost giant skeletons (Depths:1)
  9 water nymphs
  4 ice statues
  16 vault sentinels
  A centaur skeleton (D:15)
  4 elephants (Lair:2)
  2 orange demons
  4 smoke demons
  21 naga magi
  7 torpor snails
  A cane toad (shapeshifter) (D:15)
  A hellion (Abyss:3)
  An unseen horror zombie (D:9)
  13 komodo dragons
  A kobold demonologist (D:12)
  5 rime drakes
  14 cane toads
  A freezing wraith (Vaults:4)
  Psyche (D:11)
  A redback zombie (D:15)
  A tormentor (Crypt:1)
  18 yaktaurs
  A red devil (Depths:2)
  A spark wasp simulacrum (Depths:2)
  4 tengu conjurers
  2 guardian mummies (Zig:6)
  6 ancient zymes (Abyss:3)
  11 polar bears
  A harpy zombie (D:15)
  22 merfolk
  2 burning bushes (Lair:5)
  8 trolls
  A death yak skeleton (Crypt:1)
  10 hornets
  A meliai (shapeshifter) (Vaults:5)
  4 wind drakes
  A tarantella (shapeshifter) (Abyss:3)
  4 tyrant leeches (Lair:5)
  8 blink frogs
  9 raiju
  12 dream sheep
  A flying skull (Abyss:3)
  Grinder (D:3)
  Sigmund (D:3)
  3 snapping turtles
  An air elemental (Zig:9)
  A spriggan skeleton (Depths:1)
  4 spriggans
  A shadow (D:10)
  31 slime creatures
  16 wyverns
  8 wraiths
  6 ynoxinuls
  3 fire elementals
  16 humans (D:13)
  A vampire (D:9)
  47 yaks
  A yak (shapeshifter) (Zig:9)
  35 starcursed masses (Abyss:3)
  9 water elementals
  A basilisk (shapeshifter) (Vaults:4)
  5 basilisks
  2 steam dragons (D:8)
  3 neqoxecs
  6 chaos spawn
  A redback (Lair:5)
  11 vampire mosquitoes
  35 nagas
  5 wargs
  21 water moccasins
  2 acid dragons
  2 floating eyes
  4 hell hounds (Snake:1)
  A floating eye (shapeshifter) (Abyss:3)
  35 orc warriors
  3 sky beasts
  A swamp drake (Orc:1)
  A black bear (shapeshifter) (Vaults:5)
  2 ice beasts (D:9)
  A meliai simulacrum (D:15)
  9 ogres
  2 black bears
  5 small abominations (Abyss:3)
  16 centaurs
  25 wolves
  12 large abominations (Abyss:3)
  A lemure (D:8)
  2 phantoms
  2 kobold brigands
  12 bullfrogs
  2 necrophages (D:9)
  3 scorpions
  A komodo dragon skeleton (Crypt:1)
  5 wights
  10 killer bees (D:10)
  A crimson imp (Orc:1)
  3 hounds
  A human zombie (D:9)
  2 gnoll boudas
  18 orc priests
  2 iron imps
  2 sleepcaps
  Ijyb (D:5)
  21 orc wizards
  A killer bee zombie (D:9)
  A boggart simulacrum (D:14)
  10 mummies
  3 howler monkey zombies (D:9)
  4 gnolls
  5 adders
  2 shadow imps
  5 white imps
  An adder zombie (Ossuary)
  2 worms
  4 dart slugs
  93 orcs
  8 ball pythons
  7 bats
  4 endoplasms
  A giant cockroach (D:1)
  5 hobgoblins
  3 jackals (D:5)
  A ball python skeleton (Ossuary)
  4 frilled lizards
  11 goblins
  A goblin zombie (D:8)
  A hobgoblin skeleton (Ossuary)
  A hobgoblin zombie (Ossuary)
  19 kobolds
  A kobold zombie (Ossuary)
  2 orc skeletons (Ossuary)
  An orc zombie (D:8)
  4 rats
  8 starspawn tentacles (Abyss:3)
  2 tentacles
1996 creatures vanquished.

Vanquished Creatures (collateral kills)
  A vault guard (Vaults:5)
1 creature vanquished.

Vanquished Creatures (others)
  A draconian annihilator (Zot:2)
  A merfolk avatar (Shoals:3)
  2 harpies (Shoals:3)
  A naga ritualist (Snake:4)
  A merfolk siren (Shoals:3)
  A centaur skeleton (D:15)
  2 merfolk (Shoals:3)
  A naga (Snake:4)
  An orc wizard (D:5)
  An orc (Orc:1)
  2 lurking horrors (Abyss:3)
  11 starspawn tentacles (Abyss:3)
  5 tentacles
30 creatures vanquished.

Grand Total: 2027 creatures vanquished

Notes
Turn   | Place    | Note
-------+----------+-------------------------------------------
     0 | D:1      | Ijustatesigmund the Hill Orc Fighter began the quest for
                  | the Orb.
     0 | D:1      | Reached XP level 1. HP: 19/19 MP: 1/1
   122 | D:1      | Reached XP level 2. HP: 27/27 MP: 2/2
   192 | D:1      | Found Gilucw's Weapon Shop.
   539 | D:1      | Reached XP level 3. HP: 30/34 MP: 3/3
   727 | D:2      | You fall into a shaft and drop 1 floor!
   833 | D:3      | Noticed Sigmund
   839 | D:3      | Killed Sigmund
   840 | D:3      | Reached skill level 5 in Fighting
   840 | D:3      | Reached skill level 5 in Axes
   840 | D:3      | Reached XP level 4. HP: 41/44 MP: 4/4
   840 | D:3      | Reached XP level 5. HP: 46/50 MP: 5/5
   887 | D:2      | Identified a scroll of acquirement
   891 | D:2      | Acquired the +9 broad axe "Jyapoej" {pain, Int+4}
  1066 | D:2      | Reached XP level 6. HP: 57/57 MP: 6/6
  1343 | D:3      | Noticed Grinder
  1351 | D:3      | Paralysed by Grinder for 5 turns
  1358 | D:3      | Paralysed by Grinder for 4 turns
  1367 | D:3      | Killed Grinder
  1716 | D:4      | Reached XP level 7. HP: 58/64 MP: 7/7
  2080 | D:4      | Reached skill level 5 in Armour
  2151 | D:5      | Entered Level 5 of the Dungeon
  2345 | D:5      | Reached XP level 8. HP: 73/73 MP: 8/8
  2625 | D:5      | Noticed Ijyb
  2632 | D:5      | Killed Ijyb
  2792 | D:5      | Found Ocliatt's Armour Shop.
  2927 | D:5      | Found Pero's Assorted Antiques.
  3076 | D:5      | Found Raps's Book Shop.
  3782 | D:6      | Found a broken altar of Ashenzari.
  3870 | D:6      | Found a sparkling altar of Nemelex Xobeh.
  4162 | D:7      | Reached skill level 10 in Axes
  4164 | D:7      | Noticed a wyvern
  4170 | D:7      | Killed a wyvern
  4508 | D:7      | Reached XP level 9. HP: 81/81 MP: 9/9
  4518 | D:7      | Identified the +0 robe "Yloniotz" {Dex+3}
  4781 | D:5      | Bought a moonstone ring for 130 gold pieces
  4781 | D:5      | Bought a scroll labelled MIGRAU SAPSAH for 26 gold pieces
  5168 | D:7      | Found a staircase to the Ecumenical Temple.
  5377 | Temple   | Entered the Ecumenical Temple
  5680 | D:8      | Reached skill level 15 in Axes
  5683 | D:8      | Reached XP level 10. HP: 52/88 MP: 10/10
  5828 | D:8      | Noticed Pikel
  5841 | D:8      | Killed Pikel
  5868 | D:8      | Found a sand-covered staircase.
  5874 | Ossuary  | Entered an ossuary
  6262 | Ossuary  | Reached skill level 1 in Dodging
  6383 | D:8      | Noticed a two-headed ogre
  6845 | D:8      | Killed a two-headed ogre
  7096 | D:9      | Found a roughly hewn altar of Beogh.
  7096 | D:9      | Found a staircase to the Orcish Mines.
  7305 | D:9      | Reached skill level 5 in Shields
  7306 | D:9      | Reached XP level 11. HP: 72/97 MP: 11/11
  7506 | D:9      | Found an ancient bone altar of Kikubaaqudgha.
  7648 | D:9      | Found a staircase to the Lair.
  7887 | D:10     | Entered Level 10 of the Dungeon
  7899 | D:10     | Noticed a two-headed ogre
  7903 | D:10     | Noticed an ice dragon
  8148 | D:10     | Reached skill level 10 in Fighting
  8310 | D:10     | Noticed Josephine
  8328 | D:10     | Killed Josephine
  8584 | D:10     | Killed an ice dragon
  8585 | D:10     | Reached XP level 12. HP: 57/108 MP: 12/12
  8590 | D:10     | Reached skill level 5 in Dodging
  8832 | D:10     | Killed a two-headed ogre
  9146 | D:10     | Found a hide-covered altar of Uskayaw.
  9198 | D:10     | Got the +6 broad axe of Fommuhoc {freeze, Int+2}
  9381 | D:10     | Found a snail-covered altar of Cheibriados.
  9439 | D:10     | Became a worshipper of Cheibriados the Contemplative
  9478 | D:11     | Reached skill level 1 in Invocations
  9500 | D:11     | Got the Atlas of the Pyromaniac and the Shot
  9548 | D:11     | Noticed Psyche
  9555 | D:11     | Killed Psyche
  9558 | D:11     | Reached skill level 2 in Invocations
  9706 | D:11     | Noticed a boulder beetle
  9716 | D:11     | Killed a boulder beetle
  9717 | D:11     | Reached skill level 3 in Invocations
  9745 | D:11     | Noticed a two-headed ogre
  9751 | D:11     | Killed a two-headed ogre
 10230 | D:11     | Reached skill level 4 in Invocations
 10297 | D:11     | Reached skill level 5 in Invocations
 10682 | D:1      | Bought a +6 broad axe of venom for 478 gold pieces
 11095 | D:12     | Reached skill level 6 in Invocations
 11158 | D:12     | Reached * piety under Cheibriados
 11343 | D:12     | Reached skill level 7 in Invocations
 11565 | D:12     | Found Zydghuci's Distillery.
 11814 | D:12     | Reached skill level 8 in Invocations
 12046 | D:13     | Reached XP level 13. HP: 88/122 MP: 19/19
 12506 | D:13     | Reached skill level 9 in Invocations
 12750 | D:13     | Reached ** piety under Cheibriados
 13385 | D:13     | Reached skill level 10 in Invocations
 13603 | D:14     | Noticed Lodul
 13603 | D:14     | Found a gate to the Vaults.
 14314 | D:13     | Reached skill level 11 in Invocations
 14336 | D:14     | Killed Lodul
 14371 | D:15     | Entered Level 15 of the Dungeon
 15039 | D:15     | Reached skill level 15 in Fighting
 15168 | D:15     | Reached *** piety under Cheibriados
 15517 | D:14     | Reached skill level 12 in Invocations
 16960 | D:14     | Reached XP level 14. HP: 136/136 MP: 23/23
 17297 | D:15     | Reached skill level 13 in Invocations
 17658 | D:15     | Noticed Roxanne
 17789 | D:15     | Reached **** piety under Cheibriados
 18788 | D:15     | Reached skill level 14 in Invocations
 18832 | D:15     | Found a staircase to the Depths.
 19499 | D:15     | Reached ***** piety under Cheibriados
 20324 | Lair:1   | Entered Level 1 of the Lair of Beasts
 20568 | Lair:1   | Reached skill level 1 in Evocations
 21393 | Lair:2   | Found a staircase to the Shoals.
 21438 | Lair:2   | Reached skill level 15 in Invocations
 21630 | Lair:2   | Found a staircase to the Snake Pit.
 22340 | Lair:2   | Reached XP level 15. HP: 147/147 MP: 26/26
 22623 | Lair:3   | Reached ****** piety under Cheibriados
 22695 | Lair:3   | Found a runed translucent gate.
 22695 | Lair:3   | Found a runed translucent gate.
 22696 | Lair:3   | Found a runed translucent gate.
 22698 | Lair:3   | Noticed Mimp's ghost (journeyman FoSh)
 23293 | Lair:3   | Noticed Ifomeed's ghost (journeyman DsGl)
 23305 | Lair:3   | Killed Ifomeed's ghost
 23315 | Lair:3   | Killed Mimp's ghost
 23320 | Lair:3   | Identified the +5 sling of Ascent {flame, Str+4 SInv}
 24245 | Lair:4   | Learned a level 3 spell: Stone Arrow
 24682 | Lair:4   | Reached skill level 1 in Conjurations
 24682 | Lair:4   | Reached skill level 1 in Earth Magic
 24990 | Lair:5   | Entered Level 5 of the Lair of Beasts
 24999 | Lair:4   | Reached skill level 16 in Invocations
 25720 | Lair:5   | Identified the +14 crystal plate armour of Xotoheg {rF+
                  | rC+++ rN+ Dex-3}
 26017 | Lair:5   | Found a runed translucent door.
 26032 | Lair:5   | Reached skill level 17 in Invocations
 26146 | Lair:5   | Paralysed by a hornet for 2 turns
 26159 | Lair:5   | Reached XP level 16. HP: 114/157 MP: 28/28
 26299 | Lair:5   | Reached skill level 10 in Armour
 26988 | Lair:5   | Found a viscous altar of Jiyva.
 26988 | Lair:5   | Found a staircase to the Slime Pits.
 27214 | Orc:1    | Entered Level 1 of the Orcish Mines
 27224 | Orc:1    | Reached skill level 18 in Invocations
 27248 | Orc:1    | Found a roughly hewn altar of Beogh.
 27562 | Orc:1    | Identified the +1 hat "Hyirug" {rC+ Regen+ Int-2 SInv}
 27609 | Orc:2    | Entered Level 2 of the Orcish Mines
 27619 | Orc:1    | Noticed Fannar
 27628 | Orc:1    | Killed Fannar
 28104 | Orc:2    | Found a roughly hewn altar of Beogh.
 28111 | Orc:2    | Found a staircase to the Elven Halls.
 28136 | Orc:2    | Noticed Maurice
 28146 | Orc:2    | Killed Maurice
 28189 | Orc:2    | Paralysed by an orc sorcerer for 3 turns
 28191 | Orc:2    | Noticed Nessos
 28199 | Orc:2    | Killed Nessos
 28250 | Orc:2    | Noticed Saint Roka
 28281 | Orc:2    | Killed Saint Roka
 28515 | Orc:2    | Reached skill level 19 in Invocations
 28525 | Orc:2    | Found Kotofuic's Antique Weapon Emporium.
 28525 | Orc:2    | Found Rereobb's Antique Armour Shop.
 28731 | Orc:2    | Found Weol's Assorted Antiques.
 28731 | Orc:2    | Found Zoathruq's Antique Weapon Shop.
 28982 | Shoals:1 | Entered Level 1 of the Shoals
 29450 | Shoals:1 | Found a glowing golden altar of the Shining One.
 29540 | Shoals:1 | Found Toeteeho's General Store.
 29555 | Shoals:1 | Bought a scroll of blinking for 112 gold pieces
 29555 | Shoals:1 | Bought a scroll of enchant armour for 112 gold pieces
 29555 | Shoals:1 | Bought a scroll of enchant armour for 112 gold pieces
 29644 | Shoals:1 | Noticed a kraken
 29657 | Shoals:1 | Killed a kraken
 29907 | Shoals:2 | Reached XP level 17. HP: 137/163 MP: 30/30
 30017 | Shoals:2 | Reached skill level 20 in Invocations
 30130 | Shoals:2 | Reached XP level 18. HP: 171/171 MP: 32/32
 30154 | Shoals:2 | Noticed Donald
 30165 | Shoals:2 | Killed Donald
 30280 | Shoals:2 | Noticed Polyphemus
 30313 | Shoals:2 | Killed Polyphemus
 31031 | Shoals:3 | Noticed Nikola
 31157 | Shoals:3 | Reached skill level 21 in Invocations
 31244 | Shoals:3 | Killed Nikola
 31620 | Shoals:3 | Reached skill level 15 in Armour
 31694 | Shoals:3 | Learned a level 4 spell: Manifold Assault
 32299 | Shoals:4 | Entered Level 4 of the Shoals
 32324 | Shoals:4 | Reached skill level 1 in Translocations
 32371 | Shoals:4 | Found Xeacaoliza's Jewellery Shop.
 32578 | Shoals:4 | Noticed Ilsuiw
 33030 | Shoals:4 | Killed Ilsuiw
 33320 | Shoals:4 | Reached skill level 22 in Invocations
 33320 | Shoals:4 | Found the +12 glaive of Prune {freeze, Prune}
 33446 | Shoals:4 | Got a barnacled rune of Zot
 33763 | Vaults:1 | Entered Level 1 of the Vaults
 33795 | Vaults:1 | Paralysed by a sphinx for 2 turns
 34152 | Vaults:1 | Reached XP level 19. HP: 158/181 MP: 34/34
 34845 | Vaults:1 | Reached skill level 5 in Translocations
 35894 | Vaults:2 | Reached skill level 23 in Invocations
 36249 | Vaults:2 | Found a staircase to the Crypt.
 36532 | Vaults:2 | Found a runed translucent door.
 36562 | Vaults:2 | Paralysed by a great orb of eyes for 4 turns
 36578 | Vaults:2 | Identified the +4 ring mail of Nihilism {rF+ Will+ rCorr}
 36582 | Vaults:2 | Got the Folio of Blasphemous Liturgies and Sparks
 36584 | Vaults:2 | Identified the +5 trident "Lehumira" {freeze, *Rage rElec
                  | rN+ Will+++}
 36594 | Vaults:2 | Gained mutation: You are robust. (+10% HP) [potion of
                  | mutation]
 36594 | Vaults:2 | Gained mutation: You have large cloven feet. [potion of
                  | mutation]
 36594 | Vaults:2 | Gained mutation: You are very robust. (+20% HP) [potion of
                  | mutation]
 36594 | Vaults:2 | Gained mutation: You have hoof-like feet. [potion of
                  | mutation]
 37265 | Vaults:3 | Noticed Margery
 37273 | Vaults:3 | Reached XP level 20. HP: 228/234 MP: 29/35
 37296 | Vaults:3 | Killed Margery
 37425 | Vaults:3 | Found a runed translucent door.
 37425 | Vaults:3 | Noticed astronautguy's ghost (master FoEE)
 37878 | Vaults:3 | Reached skill level 24 in Invocations
 37912 | Vaults:3 | Found Meacvieg's Weapon Shop.
 37949 | Vaults:3 | Paralysed by a sphinx for 3 turns
 38093 | Vaults:3 | Paralysed by a great orb of eyes for 5 turns
 38295 | Vaults:3 | Identified the +4 hand axe "Lerreom" {flame, *Noise rCorr
                  | Str+6 Int+2}
 38451 | Vaults:3 | Found Uxua's Magic Scroll Boutique.
 38459 | Vaults:3 | Bought a scroll of fear for 52 gold pieces
 38459 | Vaults:3 | Bought a scroll of teleportation for 39 gold pieces
 38459 | Vaults:3 | Bought a scroll of teleportation for 39 gold pieces
 38459 | Vaults:3 | Bought a scroll of fog for 52 gold pieces
 38997 | Vaults:4 | Paralysed by a sphinx for 3 turns
 39003 | Vaults:4 | Paralysed by a sphinx for 2 turns
 39913 | Vaults:3 | HP: 2/237 [astronautguy's ghost/Shatter (55)]
 40288 | Depths:1 | Entered Level 1 of the Depths
 40400 | Depths:1 | Reached XP level 21. HP: 241/247 MP: 37/37
 40633 | Depths:1 | Found a gateway to Hell.
 40663 | Depths:1 | Reached skill level 25 in Invocations
 40701 | Depths:1 | Found Sikuwal's Jewellery Emporium.
 40726 | Depths:1 | Bought the ring of Zicapheo {rPois rF+ Will- Str+6 Dex+3}
                  | for 619 gold pieces
 40776 | Depths:1 | Found a one-way gate to the infinite horrors of the Abyss.
 40855 | Depths:1 | Found a one-way gate leading to the halls of Pandemonium.
 41158 | Snake:1  | Entered Level 1 of the Snake Pit
 41158 | Snake:1  | Found Guqouty's Book Shoppe.
 41215 | Snake:1  | Found Kixec's General Store.
 41278 | Snake:1  | Noticed Azrael
 41290 | Snake:1  | Killed Azrael
 41292 | Snake:1  | Found Ighoufik's Weapon Emporium.
 41423 | Snake:1  | Found Usched's Overcharged Wands.
 41490 | Snake:1  | Found Vicod's Jewellery Emporium.
 41846 | Snake:2  | Found Fasiliw's Magic Scroll Shoppe.
 41850 | Snake:2  | Found Sanif's Antique Weapon Shoppe.
 41854 | Snake:2  | Bought 2 scrolls of blinking for 315 gold pieces
 41854 | Snake:2  | Bought a scroll of enchant weapon for 157 gold pieces
 41854 | Snake:2  | Bought a scroll of teleportation for 63 gold pieces
 41946 | Snake:2  | Reached skill level 10 in Translocations
 42976 | Snake:3  | Found Raeshruroo's Antique Weapon Emporium.
 42976 | Snake:3  | Found Gugrupodgh's Assorted Antiques.
 42977 | Snake:3  | Found Zyroun's Antique Weapon Shoppe.
 42979 | Snake:3  | Found Ufuluinn's Weapon Emporium.
 42981 | Snake:3  | Bought a steaming broad axe for 297 gold pieces
 42981 | Snake:3  | Identified the +6 broad axe "Noxuwoq" {flame, Int+3} (You
                  | bought it in a shop on level 3 of the Snake Pit)
 43817 | Snake:4  | Entered Level 4 of the Snake Pit
 43817 | Snake:4  | Found Laughass's General Store.
 43846 | Snake:4  | Bought a scroll of teleportation for 51 gold pieces
 43899 | Snake:4  | Noticed Louise
 43899 | Abyss:3  | Cast into level 3 of the Abyss (Louise)
 44168 | Abyss:3  | Paralysed by accursed screaming for 1 turns
 44647 | Snake:4  | Escaped the Abyss
 44662 | Abyss:3  | Cast into level 3 of the Abyss (Louise)
 44871 | Abyss:3  | Reached XP level 22. HP: 258/259 MP: 38/38
 44903 | Abyss:3  | Found a corrupted altar of Lugonu.
 44964 | Abyss:3  | Found a corrupted altar of Lugonu.
 45067 | Snake:4  | Escaped the Abyss
 45086 | Snake:4  | Killed Louise
 45125 | Snake:4  | Reached skill level 26 in Invocations
 45615 | Snake:4  | Identified the +8 war axe of Forging Painful Death
                  | {distort, rN+}
 45774 | Snake:4  | Reached skill level 10 in Shields
 46165 | Snake:4  | Got a serpentine rune of Zot
 46722 | Crypt:1  | Entered Level 1 of the Crypt
 46834 | Crypt:1  | Noticed Grunn
 46862 | Crypt:1  | Paralysed by a vampire knight for 3 turns
 47424 | Vaults:5 | Entered Level 5 of the Vaults
 47652 | Vaults:5 | Reached XP level 23. HP: 183/263 MP: 40/40
 48407 | Vaults:5 | Reached skill level 27 in Invocations
 48413 | Vaults:5 | Noticed Frederick
 48751 | Vaults:5 | Paralysed by an ogre mage for 5 turns
 48770 | Vaults:5 | Noticed an ancient lich
 48770 | Vaults:5 | Noticed a dread lich
 48770 | Vaults:5 | Noticed a golden dragon
 48859 | Vaults:5 | Killed a dread lich
 48935 | Vaults:5 | Killed Frederick
 49105 | Vaults:5 | Identified the +1 scimitar of the Extremes {drain, *Slow
                  | rElec rF+ Dex+6}
 49126 | Vaults:5 | Killed an ancient lich
 49387 | Vaults:5 | Noticed a dread lich
 49398 | Vaults:5 | Killed a dread lich
 49615 | Vaults:5 | Got a silver rune of Zot
 49670 | Vaults:5 | Killed a golden dragon
 49868 | Vaults:5 | Learned a level 2 spell: Blink
 49879 | Vaults:5 | Identified the +7 falchion of Trauma {freeze, Int+5 Stlth-}
 49926 | Vaults:5 | Identified the +5 executioner's axe "Deir" {freeze, rN+
                  | Dex+2}
 50135 | Vaults:5 | Identified the +3 plate armour of Distant Shores {rPois
                  | Str+4}
 50260 | Vaults:5 | Reached skill level 1 in Spellcasting
 51225 | Depths:2 | Paralysed by a floating eye for 3 turns
 51235 | Depths:2 | Paralysed by a floating eye for 2 turns
 51344 | Depths:2 | Reached XP level 24. HP: 225/279 MP: 40/40
 51768 | Depths:2 | Found an ornate altar of the Wu Jian Council.
 52556 | Depths:3 | Paralysed by a floating eye for 2 turns
 53140 | Depths:3 | Found Nukeot's General Store.
 53303 | Depths:4 | Entered Level 4 of the Depths
 53319 | Depths:4 | Paralysed by a vampire knight for 2 turns
 53335 | Depths:4 | Noticed a juggernaut
 53347 | Depths:4 | Killed a juggernaut
 53591 | Depths:4 | Found a one-way gateway to a ziggurat.
 53601 | Zig:1    | Entered Level 1 of a ziggurat
 53606 | Zig:1    | Noticed a caustic shrike
 53606 | Zig:1    | Noticed a caustic shrike
 53606 | Zig:1    | Noticed a caustic shrike
 53606 | Zig:1    | Noticed a caustic shrike
 53648 | Zig:2    | Entered Level 2 of a ziggurat
 53649 | Zig:2    | Noticed a Killer Klown
 53657 | Zig:2    | a Killer Klown changed into a titan
 53717 | Zig:2    | Reached XP level 25. HP: 294/294 MP: 40/40
 53719 | Zig:3    | Entered Level 3 of a ziggurat
 53741 | Zig:4    | Entered Level 4 of a ziggurat
 53762 | Zig:4    | Identified the ring "Retut" {EV+5 Dex+4}
 53768 | Zig:4    | Got the Secrets of the Torch and Terra Firma
 53773 | Zig:5    | Entered Level 5 of a ziggurat
 53980 | Zig:6    | Entered Level 6 of a ziggurat
 53985 | Zig:6    | Noticed a royal mummy
 53997 | Zig:6    | Killed a royal mummy
 54145 | Zig:6    | Identified the +11 halberd of Discord {freeze, rPois Int+3}
 54154 | Zig:7    | Entered Level 7 of a ziggurat
 54170 | Zig:8    | Entered Level 8 of a ziggurat
 54314 | Zig:8    | Noticed a dread lich
 54315 | Zig:8    | Paralysed by a dread lich for 4 turns
 54331 | Zig:8    | Killed a dread lich
 54472 | Zig:8    | Identified the amulet of the Spinneret {Faith Str+7 Int+3}
 54487 | Zig:8    | Identified the staff "Ciproid" {rPois Str+3 SInv Necro
                  | Earth}
 54488 | Zig:8    | Identified the +8 glaive of the Intense God {heavy, rElec}
 54492 | Zig:9    | Entered Level 9 of a ziggurat
 54497 | Zig:9    | Paralysed by an air elemental for 1 turns
 54517 | Zig:9    | Reached XP level 26. HP: 282/304 MP: 36/40
 54723 | Zig:9    | Identified the +10 mace of the Sun {flame, Drain Dex+6}
 54728 | Zig:9    | Identified the staff of Deflation {Fragile rElec rF+ Fire
                  | Poison}
 55132 | Depths:4 | Noticed the Enchantress
 55159 | Depths:4 | Killed the Enchantress
 55565 | Depths:4 | Found a gate to the Realm of Zot.
 55943 | Zot:1    | Entered Level 1 of the Realm of Zot
 55943 | Zot:1    | Noticed an orb of fire
 55949 | Depths:4 | Gained mutation: You occasionally shout uncontrollably at
                  | your foes. [an orb of fire]
 55955 | Depths:4 | Killed an orb of fire
 56489 | Zot:1    | Reached skill level 5 in Evocations
 56826 | Zot:1    | Noticed Vv
 56856 | Zot:1    | Killed Vv
 57673 | Zot:2    | Reached skill level 10 in Evocations
 58259 | Zot:2    | Found a transporter.
 58277 | Zot:2    | Found a transporter.
 58282 | Zot:2    | Learned a level 1 spell: Apportation
 58284 | Zot:2    | Found a transporter.
 58287 | Zot:2    | Found a transporter.
 58758 | Zot:3    | Reached XP level 27. HP: 165/319 MP: 27/40
 59290 | Zot:3    | Found a transporter.
 59290 | Zot:3    | Found a transporter.
 59291 | Zot:3    | Found a transporter.
 59301 | Zot:3    | Found a transporter.
 61090 | Zot:5    | Entered Level 5 of the Realm of Zot
 61807 | Zot:5    | Identified the staff of the Badger {rF+++ rN+ Necro}
 61839 | Zot:5    | Noticed an orb of fire
 61853 | Zot:5    | Killed an orb of fire
 61857 | Zot:5    | Noticed an orb of fire
 61862 | Zot:5    | Gained mutation: You sometimes lose your temper in combat.
                  | [an orb of fire]
 61864 | Zot:5    | Killed an orb of fire
 61881 | Zot:5    | Reached skill level 10 in Dodging
 61883 | Zot:5    | Noticed an orb of fire
 61883 | Zot:5    | Noticed an orb of fire
 61883 | Zot:5    | Noticed an orb of fire
 61883 | Zot:5    | Gained mutation: You occasionally lose the ability to read
                  | scrolls when taking damage. [an orb of fire]
 61884 | Zot:5    | HP: 7/319 [Orb Guardian (24)]
 61885 | Zot:5    | Noticed a dread lich
 61890 | Zot:5    | HP: 10/319 [Killer Klown/+12 club of freezing (7)]
 61891 | Zot:5    | Killed from afar by a storm dragon

Illustrated notes

Levels and vault maps discovered:
D:1:      dpeg_arrival_central, layout_basic, serial_shops, shop
D:2:      layout_rooms
D:3:      layout_basic, uniq_sigmund, uniq_grinder
D:4:      layout_rooms
D:5:      layout_basic, serial_shops, nicolae_book_shop_shelving,
          nicolae_shop_tiny_real_fake_doors, shop, st_stairs_14,
          nrook_pool_corridor, kennysheep_another_room, uniq_ijyb
D:6:      layout_gridville, mainiacjoe_overflow_catwalk,
          mainiacjoe_overflow_paths
D:7:      layout_rooms, minmay_temple_entry_proselytizer
D:8:      layout_gridville, nicolae_ossuary_entry_giza, uniq_pikel
D:9:      layout_roguey, lemuel_mausoleum_altar_kikubaaqudgha,
          hellmonk_lair_entry_icy, david_orc_5
D:10:     minmay_coctagon, layout_basic, mainiacjoe_overflow_catch_the_wave,
          uniq_josephine
D:11:     layout_roguey, uniq_psyche
D:12:     layout_gridville, serial_shops, kennysheep_mini_moat,
          gauntlet_entry_generic
D:13:     layout_small_grid
D:14:     layout_basic, david_vaults_3
D:15:     grunt_enter_depths_magical_seal, layout_stronghold,
          hangedman_abyss_or_decor_passed, dk_noncrumbling_2, uniq_roxanne
Temple:   minmay_crystal_spiral_temple
Lair:1:   layout_regular_city
Lair:2:   layout_cave_pods, minmay_shoals_entry_centaurs,
          minmay_snake_entry_six_corridors, dreamdust_gnoll_shepherd
Lair:3:   layout_long_grid, gammafunk_ghost_cemetery,
          nicolae_volcano_entry_vermiform, chequers_serial_rivers_small_a,
          patterned_corridor
Lair:4:   layout_roguey, minmay_stone_trees_medium, forest_entry_grove,
          lemuel_fruit_tree
Lair:5:   hangedman_lair_tendril_chambers, layout_cellular_growth, wormcave,
          dpeg_slime_entry_enclosed, evilmike_ambush
          [evilmike_ambush_outer_pillars, evilmike_ambush_inner_basic]
Shoals:1: layout_shoals, serial_shops, shop_fountains, lemuel_centaur_altar
Shoals:2: layout_shoals, uniq_polyphemus, uniq_donald
Shoals:3: layout_shoals, uniq_nikola
Shoals:4: shoals_end_grunt_ice, layout_shoals, shoals_ilsuiw_ice,
          minmay_shop_enchanted_jewellery
Snake:1:  layout_misc_corridors, serial_shops, shop, shop, shop_statue,
          nicolae_shop_tiny_glass, nicolae_shop_overcharged_wands, uniq_azrael
Snake:2:  kennysheep_six_static_rooms, layout_onion_interference,
          nicolae_snake_salamander_jacuzzi, serial_bayou_shore_b,
          grunt_megastairs_2, minmay_shop_star, serial_bayou_shore_b
Snake:3:  layout_layer_cave, guppyfry_library_mini, minmay_shoptagon
Snake:4:  johnstein_snake_rune_scales, layout_onion, serial_shops,
          nicolae_shop_advertising_works [nicolae_subvault_shop_adworks],
          st_stairs_5, drop_trap, uniq_louise
Orc:1:    layout_caves, basic_altar, hangedman_minor_magic, uniq_fannar
Orc:2:    grunt_orc_tribal_feast, layout_diamond_mine, basic_altar, uniq_nessos,
          uniq_saint_roka, uniq_maurice
Vaults:1: ontoclasm_vaults_fire_temple, v_misc_12,
          nicolae_vaults_diagonal_hallway_6, v_misc_33,
          nicolae_vaults_cornered_office, nicolae_vaults_variable_pillar_hall,
          ontoclasm_vaults_chip, nicolae_vaults_theta,
          layout_vaults_chaotic_city
Vaults:2: hangedman_vaults_nails, minmay_crypt_entry_simple_walls,
          nicolae_vaults_oozy_zoo, nicolae_vaults_diagonal_hallway_9,
          hangedman_vaults_cutoff, nicolae_vaults_surprise_closet,
          vaults_room_hallway, nicolae_vaults_border_crossing, v_misc_19,
          v_misc_24, vaults_dpeg_cross, v_misc_1, nicolae_vaults_alarming,
          layout_vaults_omnigrid
Vaults:3: ebering_ghost_inner_flame, nicolae_vaults_quartermaster,
          ontoclasm_vaults_gateway, grunt_vaults_hallway_long,
          nicolae_vaults_double_plus_1, nicolae_vaults_taking_the_gang_shopping,
          nicolae_vaults_sightless_eye, nicolae_vaults_cochlea,
          nicolae_vaults_network_quinsquares
          [nicolae_vaults_network_quincunx_subvault,
          nicolae_vaults_network_quincunx_subvault,
          nicolae_vaults_network_quincunx_subvault,
          nicolae_vaults_network_quincunx_subvault], v_misc_1,
          nicolae_vaults_mini_display_case, dpeg_vaults_monster_box,
          nicolae_vaults_diamond_1, layout_vaults_omnicross, serial_shops, shop,
          uniq_margery
Vaults:4: v_misc_33, nicolae_vaults_hexular_roomagon,
          nicolae_vaults_stairing_the_circle,
          nicolae_vaults_trapezoid_lopsided_4, nicolae_vaults_shrinking_rooms_2,
          vaults_standard_mumra_x, ontoclasm_vaults_fault,
          nicolae_vaults_little_squares_1, v_misc_23, vaults_dpeg_encased_lava,
          v_alt_pattern_3, nicolae_vaults_minivaults,
          nicolae_vaults_three_branches, nicolae_vaults_closet_pinwheel_4,
          layout_vaults_omnibox
Vaults:5: serial_shops, uniq_frederick
Crypt:1:  minmay_guarded_unrand_majin_bo, layout_gridlike, uniq_grunn
Depths:1: layout_cave_pools, abyss_entry_crystal, hell_entry, serial_shops,
          shop, grunt_pan_entry_spiral, item_on_display_a, grunt_megastairs_5
Depths:2: cheibrodos_salmonella, layout_gridlike, grunt_pan_entry_in_and_out,
          nzn_wu_jian_council_hall, hangedman_coc_ice_floe
Depths:3: minmay_dotted_concentric_squares, layout_small_grid, hell_entry,
          serial_shops, nicolae_shop_just_a_little_nook,
          abyss_entry_small_statue_room, minmay_misc_feat_square,
          grunt_pan_entry_sceptre
Depths:4: grunt_zot_entry_gee_three, layout_gridlike, enter_ziggurat_c,
          hangedman_tar_grid_catacomb, minmay_misc_feat_rugged,
          rand_demon_pan_entry_8, serial_co_window_serial, co_window_paths_a,
          co_window_of_opportunity_a, co_window_paths_a,
          co_window_of_opportunity_a, co_window_corner_a, co_window_broadway_a,
          co_window_2corner, co_window_paths_c, co_window_unsneaky_path_b,
          glass_columns_a, glass_columns_b, glass_columns_c, uniq_enchantress
Zot:1:    layout_gridlike, st_stairs_3, uniq_josephina, uniq_vv
Zot:2:    layout_gridlike, nicolae_transporter_circle
Zot:3:    layout_misc_corridors, nicolae_diode_quadrants, grunt_megastairs_3
Zot:4:    layout_gridlike
Zot:5:    layout_basic

Skill      XL: |  1  2  3  4  5  6  7  8  9 10 11 12 13 14 15 16 17 18 19 20 21 22 23 24 25 26 27 |
---------------+----------------------------------------------------------------------------------+-----
Axes           | 3 5 6 7 11 15 16 17 18 19 22 24 25 26 | 26.3
Fighting       | 4 5 6 7 9 10 13 15 17 18 20 21 22 23 24 25 | 25.4
Armour         | 4 5 6 8 9 13 14 15 16 17 | 17.0
Dodging        | 2 4 5 10 | 10.2
Shields        | 5 7 8 11 | 11.7
Invocations    | 8 12 15 17 19 20 22 23 24 25 26 27 | 27.0
Evocations     | 2 4 11 13 | 13.0
Conjurations   | 3 |  3.9
Earth Magic    | 3 |  3.8
Translocations | 4 7 9 10 12 13 | 13.3
Spellcasting   | 3 4 |  4.9

Action                     |  1- 3 |  4- 6 |  7- 9 | 10-12 | 13-15 | 16-18 | 19-21 | 22-24 | 25-27 || total
---------------------------+-------+-------+-------+-------+-------+-------+-------+-------+-------++-------
  Melee: War axe           |    74 |     4 |       |       |    23 |       |       |       |       ||   101
         Broad axe         |       |    39 |   193 |   450 |   849 |   853 |  1349 |  1029 |   986 ||  5748
         Kick              |       |       |       |       |       |       |   303 |       |       ||   303
   Cast: Manifold Assault  |       |       |       |       |       |       |       |     4 |     8 ||    12
         Blink             |       |       |       |       |       |       |       |     1 |     9 ||    10
 Invoke: Slouch            |       |       |       |       |     1 |     5 |     3 |     5 |     8 ||    22
         Bend Time         |       |       |       |       |       |     1 |     1 |       |     2 ||     4
         Step From Time    |       |       |       |       |       |       |     2 |       |     1 ||     3
  Evoke: Wand              |       |       |       |     2 |    12 |    12 |     2 |     8 |    22 ||    58
    Use: Scroll            |     5 |     7 |    11 |     9 |     5 |     7 |     7 |    20 |    23 ||    94
         Potion            |     1 |       |       |     4 |     3 |     3 |     3 |     2 |     9 ||    25
   Stab: Sleeping          |       |       |       |       |     5 |       |       |       |       ||     5
         Petrified         |       |       |       |       |       |     7 |       |       |       ||     7
         Petrifying        |       |       |       |       |       |     1 |       |       |       ||     1
         Invisible         |       |       |       |       |       |       |       |     1 |       ||     1
 Armour: Scale mail        |    47 |    24 |    95 |   131 |       |       |       |       |       ||   297
         Skin              |       |       |       |     2 |       |       |       |       |       ||     2
         Acid dragon scale |       |       |       |    64 |   381 |       |       |       |       ||   445
         Crystal plate arm |       |       |       |       |    66 |   621 |   723 |   927 |   937 ||  3274
  Dodge: Dodged            |    29 |    19 |   109 |   244 |   502 |   481 |   622 |   444 |   512 ||  2962
  Block: Buckler           |    11 |     5 |    37 |   177 |   480 |   258 |       |       |       ||   968
         Reflection        |       |       |       |     3 |    23 |    87 |    66 |    78 |    22 ||   279
         Kite shield       |       |       |       |       |       |   482 |  1020 |   927 |  1022 ||  3451

Table legend: (Time is in decaauts)
 A = Elapsed time spent in this place.
 B = Non-inter-level travel time spent in this place.
 C = Inter-level travel time spent in this place.
 D = Time resting spent in this place.
 E = Time spent auto-exploring this place.
 F = Levels seen in this place.
 G = Mean time per level.
                   A        B        C        D        E       F      G
               +--------+--------+--------+--------+--------+-----+--------+
         Total |  85840 |  79673 |   6167 |  15539 |  52388 |  58 | 1480.0 |
       Dungeon |  23294 |  20538 |   2756 |   6661 |  11544 |  15 | 1552.9 |
        Temple |      1 |      0 |      1 |      0 |      0 |   1 |    1.0 |
          Lair |  10826 |  10061 |    765 |    820 |   7768 |   5 | 2165.2 |
        Shoals |   7209 |   6895 |    314 |    954 |   4873 |   4 | 1802.2 |
     Snake Pit |   6939 |   6688 |    251 |    332 |   5384 |   4 | 1734.8 |
  Orcish Mines |   2344 |   2231 |    113 |    657 |   1207 |   2 | 1172.0 |
        Vaults |  15132 |  13711 |   1421 |   2807 |   8974 |   5 | 3026.4 |
         Crypt |    675 |    659 |     16 |    383 |    173 |   1 |  675.0 |
        Depths |   7554 |   7359 |    195 |    497 |   5576 |   4 | 1888.5 |
           Zot |   8511 |   8182 |    329 |   1349 |   5747 |   5 | 1702.2 |
         Abyss |   1592 |   1592 |      0 |    243 |    824 |   2 |  796.0 |
      Ziggurat |   1305 |   1305 |      0 |    682 |    120 |   9 |  145.0 |
       Ossuary |    452 |    452 |      0 |    153 |    196 |   1 |  452.0 |
               +--------+--------+--------+--------+--------+-----+--------+

Top non-repeatable levels by time:
    D:15: 5044 daAuts
Vaults:4: 3508 daAuts
Vaults:2: 3447 daAuts
  Lair:5: 3036 daAuts
Vaults:5: 2935 daAuts
Vaults:1: 2922 daAuts
    D:14: 2703 daAuts
    D:13: 2679 daAuts
Depths:4: 2599 daAuts
  Lair:2: 2342 daAuts
 Snake:3: 2326 daAuts
Vaults:3: 2319 daAuts
Depths:2: 2166 daAuts
  Lair:4: 2157 daAuts
 Snake:4: 2138 daAuts
